 Seeded DCSS version 0.28-a0-938-gbc3f381ebc (webtiles) character file.

Game seed: 20211100 (custom seed)

85 a11behringer the Conjurer (level 4, 0/33 HPs)
             Began as a Draconian Conjurer on Nov 28, 2021.
             Slain by an orc wizard (2 damage)
             ... on level 5 of the Dungeon.
             The game lasted 00:15:08 (2761 turns).

a11behringer the Conjurer (Draconian Conjurer)      Turns: 2761, Time: 00:15:09

Health: 0/33       AC:  5    Str: 15    XL:     4   Next: 25%
Magic:  1/7        EV: 12    Int: 20    God:
Gold:   71         SH:  0    Dex:  9    Spells: 5/8 levels left

rFire   . . .      SeeInvis .   g - +1 dagger (holy)
rCold   . . .      Faith    .   (no shield)
rNeg    . . .      Spirit   .   (armour unavailable)
rPois   .          Reflect  .   (helmet restricted)
rElec   .          Harm     .   (no cloak)
rCorr   .          Rampage  .   (no gloves)
Will    .....                   (no boots)
Stlth   ++........              (no amulet)
HPRegen 0.11/turn               e - +6 ring of strength
MPRegen 0.10/turn               (no ring)

@: no status effects
A: AC +5, unfitting armour, cold-blooded
a: no special abilities


You were on level 5 of the Dungeon.
You visited 1 branch of the dungeon, and saw 4 of its levels.

You collected 71 gold pieces.

Inventory:

Hand Weapons
 g - a +1 dagger of holy wrath (weapon)
Jewellery
 e - a +6 ring of strength (left hand)
Scrolls
 b - a scroll of enchant weapon {unknown}
 f - a scroll of vulnerability {unknown}
 h - 3 scrolls of teleportation
Potions
 a - a potion of flight {unknown}
 c - a potion of attraction {unknown}
 d - 2 potions of ambrosia
 i - a potion of degeneration {unknown}


   Skills:
 + Level 0.1 Fighting
 * Level 0.2 Short Blades
 + Level 2.1 Dodging
 + Level 2.3 Stealth
 - Level 0.8 Unarmed Combat
 + Level 2.5 Spellcasting
 + Level 4.8 Conjurations


You had 5 spell levels left.
You knew the following spells:

 Your Spells              Type           Power      Damage    Failure   Level
a - Magic Dart            Conj           88%        1d7       1%          1
b - Searing Ray           Conj           44%        2d6       3%          2

Your spell library contained the following spells:

 Spells                   Type           Power      Damage    Failure   Level
 Dazzling Flash           Conj/Hex       24%        N/A       16%         3
 Stone Arrow              Conj/Erth      24%        3d8       16%         3
 Fulminant Prism          Conj/Hex       6%         3d7       47%         4
 Iskenderun's Mystic Bla  Conj/Tloc      12%        2d5       47%         4
 Lehudib's Crystal Spear  Conj/Erth      6%         10d3      100%        8
 Animate Armour           Summ/Erth      Unusable   N/A       N/A         4

Dungeon Overview and Level Annotations

Branches:
Dungeon (5/15)
 Temple: D:4-7

Altars:

Shops:
D:1 !


Innate Abilities, Weirdness & Mutations

Your plain brown scales are hard. (AC +5)
You cannot fit into any form of body armour.
You are cold-blooded and may be slowed by cold attacks.


Message History

You feel very sick.
You feel very sick. Something hits you but does no damage.
You bump into the rock wall.
You feel sick. Something hits you. The orc barely misses you.
You feel sick.
You bump into the rock wall.
You feel sick.
You feel less confused.
You feel sick. The orc hits you with a +0 falchion.
There are monsters nearby!
There are monsters nearby!
You feel sick.
You feel sick.
You feel sick.
You are no longer poisoned.
Casting: Magic Dart (safe; 1% risk of failure)
Confirm with . or Enter, or press ? or * to list all spells.
Aiming: Searing Ray (safe; 3% risk of failure)
Press: ? - help, Shift-Dir - straight line, f - orc
Aim: an orc, wielding a +0 falchion and wearing a +0 leather armour (78% to hit)
The searing ray hits the orc!
You kill the orc! (Press . to maintain the ray.)
The searing ray hits something.
The searing ray hits the orc!
You kill the orc!
Something hits you but does no damage.
You hear some strange, mumbled words.
A magic dart appears from out of thin air!
The magic dart hits you.
* * * LOW HITPOINT WARNING * * *
Without enough magic to sustain it, your searing ray dissipates.
Something hits you but does no damage. Something hits you but does no damage.
Something hits you but does no damage.
You barely miss something. Something hits you.
* * * LOW HITPOINT WARNING * * *
You closely miss something. Something hits you.
* * * LOW HITPOINT WARNING * * *
You hit something. Something hits you.
You die...

###.......########
.###.....#####
#........#
..####...# ##..##
##..# #.)# ##{#
#@## #..# ##.#
#.## #..# #..#
##.# #.## ####
#..#####..##


There were no monsters in sight!

Vanquished Creatures
  3 adders
  2 dart slugs (D:1)
  2 orcs (D:5)
  5 ball pythons
  3 endoplasms (D:1)
  2 giant cockroaches (D:2)
  A goblin (D:1)
  7 hobgoblins
  5 jackals (D:1)
  4 kobolds
  A quokka (D:1)
  4 bats
  4 frilled lizards
  5 rats
48 creatures vanquished.

Notes
Turn   | Place    | Note
-------+----------+-------------------------------------------
     0 | D:1      | a11behringer the Draconian Conjurer began the quest for the
                  | Orb.
     0 | D:1      | Reached XP level 1. HP: 14/14 MP: 3/3
    10 | D:1      | Noticed a bullfrog
   259 | D:1      | Reached XP level 2. HP: 20/20 MP: 0/5
   894 | D:1      | Found Corphadd's Distillery.
   914 | D:1      | Reached XP level 3. HP: 24/26 MP: 1/6
  1476 | D:2      | Learned a level 2 spell: Searing Ray
  1874 | D:2      | Found a faded altar of an unknown god.
  2331 | D:3      | Reached XP level 4. HP: 33/33 MP: 3/7
  2616 | D:5      | Entered Level 5 of the Dungeon
  2761 | D:5      | Slain by an orc wizard

Illustrated notes

Levels and vault maps discovered:
D:1:      evilmike_arrival_come_back, layout_basic, serial_shops,
          nicolae_shop_waterfront
D:2:      layout_rooms, shapermc_ecumenical_altar_notcrosses
D:3:      minmay_inner_zag, layout_basic, uniq_sigmund
D:5:      kennysheep_steamy, layout_cave_pods, grunt_gozag_statues,
          gup_sewer_entry_bowl, uniq_ijyb, uniq_prince_ribbit1

Skill      XL: |  1  2  3 |
---------------+----------+-----
Stealth        | 2 |  2.3
Dodging        | 2 |  2.1
Fighting       | |  0.1
Short Blades   | |  0.2
Unarmed Combat | |  0.8
Spellcasting   | |  2.5
Conjurations   | |  4.8

Action                   |  1- 3 |  4- 6 || total
-------------------------+-------+-------++-------
Melee: Unarmed           |    22 |       ||    22
       Tailslap          |     2 |       ||     2
       Dagger            |       |     3 ||     3
 Cast: Magic Dart        |    72 |     6 ||    78
       Searing Ray       |     6 |     2 ||     8
  Use: Scroll            |     7 |       ||     7
 Stab: Sleeping          |     1 |       ||     1
Armor: Skin              |    19 |     5 ||    24
Dodge: Dodged            |    34 |     2 ||    36

Table legend: (Time is in decaauts)
 A = Elapsed time spent in this place.
 B = Non-inter-level travel time spent in this place.
 C = Inter-level travel time spent in this place.
 D = Time resting spent in this place.
 E = Time spent auto-exploring this place.
 F = Levels seen in this place.
 G = Mean time per level.
                   A        B        C        D        E       F      G
               +--------+--------+--------+--------+--------+-----+--------+
         Total |   2759 |   2656 |    103 |      0 |   2323 |   4 |  689.8 |
       Dungeon |   2759 |   2656 |    103 |      0 |   2323 |   4 |  689.8 |
               +--------+--------+--------+--------+--------+-----+--------+

Top non-repeatable levels by time:
     D:1: 1467 daAuts
     D:2: 624 daAuts
     D:3: 523 daAuts
     D:5: 144 daAuts
